 Dungeon Crawl Stone Soup version 0.30-a0-553-g7fabdf1491 (webtiles) character file.

Game seed: 2900193657976961054

7809 experimilk the Destroyer (level 11, -1/111 HPs)
             Began as a Green Draconian Conjurer on Dec 26, 2022.
             Was a Priest of Sif Muna.
             Slain by an efreet
             ... wielding a +0 scimitar of flaming
              (4 damage)
             ... on level 9 of the Dungeon on Dec 27, 2022.
             The game lasted 00:44:13 (10460 turns).

experimilk the Destroyer (DrCj)                    Turns: 10460, Time: 00:44:13

Health: -1/111     AC:  8    Str:  9    XL:     11   Next: 1%
Magic:  22/22      EV: 15    Int: 23    God:    Sif Muna [***...]
Gold:   96         SH:  3    Dex: 10    Spells: 10/24 levels left

rFire   . . .      SeeInvis .    M - +1 dagger (drain)
rCold   . . .      Faith    .    B - +0 buckler
rNeg    . . .      Spirit   .    (body armour unavailable)
rPois   +          Reflect  .    (helmet restricted)
rElec   .          Harm     .    (no cloak)
rCorr   .          Rampage  .    m - +0 pair of gloves
Will    .....                    (no boots) Stlth
                                 v - amulet of magic regeneration
HPRegen 0.38/turn                k - +4 ring of evasion
MPRegen 0.58/turn                K - ring of wizardry

@: berserking (expiring), hasted, very quick
A: breathe noxious fumes, AC +7, unfitting armour, poison resistance,
cold-blooded
a: Breathe Noxious Fumes, Renounce Religion, Channel Magic, Forget Spell


You were on level 9 of the Dungeon.
You worshipped Sif Muna.
Sif Muna was most pleased with you.
You visited 1 branch of the dungeon, and saw 10 of its levels.

You collected 410 gold pieces.
You spent 314 gold pieces at shops.

Inventory:

Hand Weapons
 I - a +1 dagger of speed
 M - a +1 dagger of draining (weapon)
Missiles
 b - 3 throwing nets
Armour
 i - a +0 kite shield
 m - a +0 pair of gloves (worn)
 B - a +0 buckler (worn)
Jewellery
 k - a +4 ring of evasion (left hand)
 n - an amulet of the acrobat
 s - a ring of ice
 v - an amulet of magic regeneration (around neck)
 K - a ring of wizardry (right hand)
 N - a +4 ring of protection
Wands
 p - a wand of light (26)
 y - a wand of digging (2)
 C - a wand of flame (9)
 D - a wand of paralysis (29)
Scrolls
 a - a scroll of fear
 c - a scroll of butterflies {unknown}
 d - 4 scrolls of poison
 e - 3 scrolls of fog
 j - 2 scrolls of blinking
 l - a scroll of silence {unknown}
 o - a scroll of acquirement {unknown}
 q - a scroll of enchant armour {unknown}
 x - 3 scrolls of teleportation
 G - a scroll of amnesia
 H - a scroll of magic mapping {unknown}
 J - 2 scrolls of immolation
 L - a scroll of enchant weapon {unknown}
 O - a scroll of vulnerability {unknown}
Potions
 f - 4 potions of curing
 g - a potion of berserk rage
 h - 3 potions of flight
 r - 2 potions of brilliance
 u - 2 potions of magic
 w - a potion of mutation {unknown}
 z - a potion of attraction
 A - 2 potions of might
 E - 2 potions of invisibility


   Skills:
 - Level 1.7 Dodging
 - Level 1.7 Stealth
 + Level 7.4 Spellcasting
 * Level 13.2 Conjurations
 - Level 5.0 Translocations
 - Level 7.0 Invocations


You had 10 spell levels left.
You knew the following spells:

 Your Spells              Type           Power      Damage    Failure   Level
a - Magic Dart            Conj           100%       1d8       1%          1
q - Blink                 Tloc           62%        N/A       1%          2
r - Searing Ray           Conj           100%       2d8       1%          2
v - Momentum Strike       Conj/Tloc      100%       3d10      1%          2
x - Iskenderun's Mystic   Conj/Tloc      50%        2d11      1%          4
z - Stone Arrow           Conj/Erth      78%        3d11      1%          3

Your spell library contained the following spells:

 Spells                   Type           Power      Damage    Failure   Level
 Dazzling Flash           Conj/Hex       78%        N/A       1%          3
 Lesser Beckoning         Tloc           62%        N/A       1%          3
 Fulminant Prism          Conj/Hex       19%        3d10      2%          4
 Sandblast                Erth           16%        2d6       4%          1
 Cigotuvi's Dreadful Rot  Necr/Pois/Air  16%        N/A       6%          2
 Passwall                 Tmut/Erth      6%         N/A       6%          2
 Dispel Undead            Necr           8%         3d8       36%         4
 Death Channel            Necr           4%         N/A       99%         6


Dungeon Overview and Level Annotations

Branches:
Dungeon (10/15)            Temple (0/1) D:7
   Lair: D:8-11         Orc: D:9-12

Altars:
Fedhas
Hepliaklqana
Okawaru
Ru
Sif Muna
Vehumet
Xom
The Shining One

Shops:
D:2 *   D:5 *[   D:8 **


Innate Abilities, Weirdness & Mutations

You can breathe blasts of noxious fumes.
Your lurid green scales are hard. (AC +7)
You cannot fit into any form of body armour.
Your system is resistant to poisons. (rPois)
You are cold-blooded and may be slowed by cold attacks.


Message History

Things that are here:
a +0 spear; a gnoll corpse You are confused.
You feel invigorated.
You bump into the stone wall.
You bump into the stone wall.
The efreet gestures at you. The bolt of fire hits you!!
* * * LOW HITPOINT WARNING * * *
You bump into the stone wall.
You bump into the stone wall.
A red film seems to cover your vision as you go berserk!
You feel yourself moving faster!
You feel mighty!
You hit the efreet but do no damage. The efreet gestures at you.
The bolt of fire misses you.
You bump into the stone wall.
You feel a strong urge to attack something.
You feel less invigorated.
You feel less confused. The efreet gestures at you. The bolt of fire hits you!
* * * LOW HITPOINT WARNING * * *
You puncture the efreet! You tail-slap the efreet!
The efreet is moderately wounded.
You block the efreet's attack.
You barely miss the efreet.
The efreet is moderately wounded.
You barely miss the efreet.
The efreet is moderately wounded.
The efreet hits you with a +0 scimitar of flaming.
* * * LOW HITPOINT WARNING * * *
The efreet burns you.
* * * LOW HITPOINT WARNING * * *
You hit the efreet but do no damage. You tail-slap the efreet!
The efreet is heavily wounded.
The efreet hits you with a +0 scimitar of flaming!
* * * LOW HITPOINT WARNING * * *
The efreet burns you.
You die...

#.#.##.# #.#.##.##
#.#...#.# #.####.##
#.####.# #......# #
##############....#
#.
#.......÷.####)####
##..#
#.#######[@Rc..#
#.....# #######.#
#.###..## #...
....#...# #.#
#○..#####.R#.##
###.#...# #..
#.........p . #
#....># #..
#R..####### ..#
###†#...# .P...☼###
... ....#...#
....°○° #.
#.##......
.....♣..# #...#
.†.........♣ P....
... #...#


You could see a centaur warrior and an efreet.

Vanquished Creatures
  A hydra (D:9)
  A wizard (D:9)
  A gargoyle (D:9)
  An efreet (D:9)
  A wraith (D:9)
  A spriggan (D:8)
  A wyvern (D:9)
  11 yaks
  2 acid dragons
  5 water moccasins
  4 orc warriors
  A black bear (D:8)
  2 ice beasts
  2 ogres
  2 kobold brigands
  2 bullfrogs
  4 gnoll sergeants
  3 necrophages
  3 scorpions
  7 wights
  9 killer bees
  An electric eel (D:10)
  6 howler monkeys
  2 hounds (D:7)
  2 orc priests
  Ijyb (D:3)
  2 iguanas
  8 orc wizards
  18 gnolls
  9 adders
  A shadow imp (D:5)
  A white imp (D:6)
  An ufetubus (D:6)
  2 worms (D:2)
  A dart slug (D:3)
  13 orcs
  4 bats
  7 endoplasms
  A giant cockroach (D:3)
  7 goblins
  5 hobgoblins
  4 jackals (D:1)
  17 kobolds
  4 quokkas
  7 ball pythons
  7 frilled lizards
  5 rats
200 creatures vanquished.

Vanquished Creatures (others)
  A slime creature (D:9)
  2 bushes (D:9)
  4 fungi (D:9)
  15 plants (D:9)
22 creatures vanquished.

Grand Total: 222 creatures vanquished

Notes
Turn   | Place    | Note
-------+----------+-------------------------------------------
     0 | D:1      | experimilk the Draconian Conjurer began the quest for the
                  | Orb.
     0 | D:1      | Reached XP level 1. HP: 14/14 MP: 3/3
     9 | D:1      | Noticed a bullfrog
    26 | D:1      | Found a faded altar of an unknown god.
   198 | D:1      | Reached XP level 2. HP: 13/20 MP: 0/5
   482 | D:1      | Learned a level 2 spell: Searing Ray
   992 | D:2      | Reached XP level 3. HP: 26/26 MP: 3/6
  1454 | D:2      | Reached skill level 5 in Conjurations
  1822 | D:2      | Found Sammakecu's General Store.
  1829 | D:2      | Bought a scroll of identify for 28 gold pieces
  1840 | D:2      | You fall into a shaft and drop 2 floors!
  1841 | D:4      | Found a shimmering altar of Xom.
  1849 | D:4      | Found a glowing golden altar of the Shining One.
  1852 | D:4      | Found a sacrificial altar of Ru.
  1854 | D:4      | Found a blossoming altar of Fedhas.
  1860 | D:4      | Found a shimmering blue altar of Sif Muna.
  1866 | D:4      | Became a worshipper of Sif Muna the Loreminder
  1897 | D:4      | Noticed an ogre
  2045 | D:4      | Learned a level 2 spell: Momentum Strike
  2048 | D:4      | Learned a level 2 spell: Blink
  2246 | D:4      | Reached XP level 4. HP: 31/33 MP: 0/8
  2727 | D:3      | Noticed Ijyb
  2732 | D:3      | Killed Ijyb
  3329 | D:3      | Found a radiant altar of Vehumet.
  3496 | D:4      | Found an iron altar of Okawaru.
  3667 | D:4      | Killed an ogre
  3668 | D:4      | Reached skill level 6 in Conjurations
  3668 | D:4      | Reached skill level 1 in Translocations
  3668 | D:4      | Reached XP level 5. HP: 38/38 MP: 6/9
  4167 | D:5      | Entered Level 5 of the Dungeon
  4175 | D:5      | Reached XP level 6. HP: 45/45 MP: 5/10
  4410 | D:5      | Reached skill level 7 in Conjurations
  4471 | D:5      | Reached * piety under Sif Muna
  4614 | D:5      | Found Zoaker's Armour Shoppe.
  4633 | D:5      | Your scales start taking on a lurid green colour.
  4633 | D:5      | Reached XP level 7. HP: 50/50 MP: 3/11
  4633 | D:5      | Gained mutation: Your system is resistant to poisons.
                  | (rPois) [Green Draconian growth]
  4703 | D:5      | Learned a level 4 spell: Iskenderun's Mystic Blast
  5195 | D:5      | Reached skill level 8 in Conjurations
  5224 | D:5      | Found Evvole's Serpentskin Sales.
  5233 | D:5      | Bought a scroll of poison for 48 gold pieces
  5474 | D:2      | Bought a potion of might for 56 gold pieces
  5474 | D:2      | Bought a scroll of teleportation for 42 gold pieces
  5627 | D:6      | Reached skill level 1 in Invocations
  5645 | D:6      | Reached skill level 9 in Conjurations
  5663 | D:6      | Reached XP level 8. HP: 57/57 MP: 7/12
  5807 | D:6      | Reached skill level 5 in Invocations
  5858 | D:6      | Reached ** piety under Sif Muna
  6706 | D:7      | Reached XP level 9. HP: 56/62 MP: 10/15
  6757 | D:7      | Learned a level 3 spell: Stone Arrow
  6899 | D:7      | Found a staircase to the Ecumenical Temple.
  7280 | D:8      | Reached skill level 10 in Conjurations
  7296 | D:7      | Reached skill level 5 in Spellcasting
  7296 | D:7      | Reached skill level 5 in Translocations
  7381 | D:8      | Reached skill level 11 in Conjurations
  8065 | D:8      | Reached *** piety under Sif Muna
  8198 | D:8      | Reached XP level 10. HP: 69/69 MP: 12/18
  8358 | D:8      | Found Wyrgh's General Store.
  8360 | D:8      | Found Beboc's Specific Store.
  8368 | D:8      | Bought a potion of invisibility for 80 gold pieces
  8368 | D:8      | Bought a scroll of immolation for 40 gold pieces
  8368 | D:8      | Bought a scroll of identify for 20 gold pieces
  8469 | D:8      | Paralysed by a spriggan for 2 turns
  8474 | D:8      | Paralysed by a spriggan for 3 turns
  8737 | D:8      | Found a hazy altar of Hepliaklqana.
  8739 | D:8      | Found a faded altar of an unknown god.
  9573 | D:9      | Noticed a wizard
  9573 | D:9      | Noticed a death knight
  9573 | D:9      | Noticed a gargoyle
  9690 | D:9      | Reached skill level 12 in Conjurations
  9724 | D:10     | Entered Level 10 of the Dungeon
  9972 | D:9      | Killed a gargoyle
 10077 | D:9      | Killed a wizard
 10106 | D:9      | Noticed a four-headed hydra
 10112 | D:9      | Killed a four-headed hydra
 10113 | D:9      | Reached skill level 13 in Conjurations
 10121 | D:9      | Noticed a catoblepas
 10406 | D:9      | Noticed a manticore
 10410 | D:9      | Noticed a centaur warrior
 10415 | D:9      | Reached XP level 11. HP: 17/74 MP: 13/22
 10460 | D:9      | HP: 3/111 [efreet/+0 scimitar of flaming (12)]
 10460 | D:9      | Slain by an efreet

Illustrated notes

Levels and vault maps discovered:
D:1:      evilmike_arrival_come_back, layout_rooms,
          dreamdust_ecumenical_altar_hidden_monk_grotto, serial_bayou_lagoon_b
D:2:      layout_basic, serial_shops, nicolae_square_shop
D:3:      layout_rooms, mainiacjoe_overflow_cross_hatched, hex_large, uniq_ijyb
D:4:      layout_basic, mainiacjoe_overflow_six_doors_small,
          nicolae_overflow_hallway_of_the_gods, hangedman_glass_teeth
D:5:      layout_rooms, serial_shops, nicolae_square_shop, minmay_holes,
          minmay_misc_feat_cross, guppyfry_shop_venom
D:6:      layout_loops_ring, dk_noncrumbling_3, st_stairs_2, bh_walls_and_bars
D:7:      layout_basic, minmay_temple_entry_mist
D:8:      layout_basic, beargit_hepliaklqana_dungeon_heroes,
          minmay_tree_intersection, nicolae_specific_store
D:9:      layout_loops_cross, minmay_lair_entry_grove, minivault_28
D:10:     erik_rubicon_a, layout_irregular_city, serial_column_ruins,
          column_ruins_hut, column_ruins_open_tiny, column_ruins_open_tiny,
          column_ruins_grid_1, column_ruins_grid_1,
          column_ruins_columns_straight, uniq_joseph, uniq_psyche

Skill      XL: |  1  2  3  4  5  6  7  8  9 10 |
---------------+-------------------------------+-----
Conjurations   | 5 6 7 9 11 13 | 13.2
Spellcasting   | 3 4 5 7 |  7.4
Translocations | 1 2 3 4 5 |  5.0
Invocations    | 2 5 7 |  7.0
Dodging        | |  1.7
Stealth        | |  1.7

Action                   |  1- 3 |  4- 6 |  7- 9 | 10-12 || total
-------------------------+-------+-------+-------+-------++-------
Melee: Dagger            |    41 |    19 |    35 |    17 ||   112
       Tailslap          |     7 |     1 |     6 |     4 ||    18
       Punch             |     1 |       |     2 |       ||     3
 Cast: Magic Dart        |    71 |    54 |    57 |    21 ||   203
       Searing Ray       |     6 |     9 |    37 |     1 ||    53
       Momentum Strike   |       |     6 |    37 |    26 ||    69
       Iskenderun's Myst |       |       |     3 |     3 ||     6
       Stone Arrow       |       |       |    14 |    48 ||    62
 Abil: Breathe Noxious F |       |       |    13 |     9 ||    22
Evoke: Wand              |       |     4 |     1 |     5 ||    10
  Use: Scroll            |     3 |       |     6 |     3 ||    12
       Potion            |     1 |       |     1 |     4 ||     6
 Stab: Confused          |       |       |     2 |       ||     2
Armor: Skin              |    26 |     4 |    21 |     4 ||    55
Dodge: Dodged            |    46 |    23 |    62 |    27 ||   158
Block: Buckler           |       |       |       |     2 ||     2

Table legend: (Time is in decaauts)
 A = Elapsed time spent in this place.
 B = Non-inter-level travel time spent in this place.
 C = Inter-level travel time spent in this place.
 D = Time resting spent in this place.
 E = Time spent auto-exploring this place.
 F = Levels seen in this place.
 G = Mean time per level.
                   A        B        C        D        E       F      G
               +--------+--------+--------+--------+--------+-----+--------+
         Total |  10437 |   9633 |    804 |   2067 |   5963 |  10 | 1043.7 |
       Dungeon |  10437 |   9633 |    804 |   2067 |   5963 |  10 | 1043.7 |
               +--------+--------+--------+--------+--------+-----+--------+

Top non-repeatable levels by time:
     D:8: 2176 daAuts
     D:2: 1366 daAuts
     D:4: 1291 daAuts
     D:5: 1287 daAuts
     D:6: 1145 daAuts
     D:1: 889 daAuts
     D:9: 857 daAuts
     D:3: 773 daAuts
     D:7: 603 daAuts
    D:10: 46 daAuts
